 Dungeon Crawl Stone Soup version 0.28.0-49-g6dfe1f597d (webtiles) character file.

Game seed: 15192014096543826864

104840 kalagan the Warrior (level 16, -2/108 HPs)
             Began as a Gargoyle Fighter on May 18, 2022.
             Was a Believer of Qazlal.
             Slain by a +6 lajatang of pain (27 damage)
             ... on level 2 of the Elven Halls.
             The game lasted 01:00:52 (26186 turns).

kalagan the Warrior (Gargoyle Fighter)             Turns: 26186, Time: 01:00:53

Health: -2/108     AC: 28    Str: 28    XL:     16   Next: 39%
Magic:  21/26      EV: 15    Int:  9    God:    Qazlal [**....]
Gold:   33         SH: 12    Dex:  9    Spells: 15/15 levels left

rFire   + . .      SeeInvis +   a - +7 flail (venom)
rCold   . . .      Faith    .   K - +2 buckler {reflect}
rNeg    + + .      Spirit   .   H - +1 troll leather armour
rPois   ∞          Reflect  +   T - +1 helmet {SInv}
rElec   +          Harm     .   S - +0 cloak
rCorr   .          Rampage  .   M - +0 pair of gloves
Will    +....                   I - +2 pair of boots
Stlth   ++........              Q - amulet "Rujub" {RegenMP +Blink}
HPRegen 1.08/turn               N - ring of positive energy
MPRegen 0.60/turn               G - ring of protection from fire

@: flying, studying 2 skills
A: sickness immunity, AC +12, big wings, negative energy resistance 1,
electricity resistance, torment resistance 1, petrification resistance
a: Renounce Religion, Evoke Blink, Upheaval


You were on level 2 of the Elven Halls.
You worshipped Qazlal.
Qazlal was pleased with you.
You visited 5 branches of the dungeon, and saw 23 of its levels.
You also visited: Sewer.

You collected 1855 gold pieces.
You spent 1822 gold pieces at shops.

Inventory:

Hand Weapons
 a - a +7 flail of venom (weapon)
 b - a +5 eveningstar of electrocution
 c - the +1 trident of Soskefeo {drain, Will++ Str+4}
   (You took it off a spriggan on level 1 of the Lair of Beasts)

   A truly terrible weapon, it drains the life of any living foe it strikes.
   Str:       It affects your strength (+4).
   Will:      It greatly increases your willpower.
 d - a +2 scimitar of flaming
 U - a +2 flail of holy wrath
Missiles
 n - 53 poisoned darts (quivered)
 x - 2 atropa-tipped darts
 P - 6 datura-tipped darts
Armour
 H - a +1 troll leather armour (worn)
 I - a +2 pair of boots (worn)
 K - a +2 buckler of reflection (worn)
 M - a +0 pair of gloves (worn)
 S - a +0 cloak (worn)
 T - a +1 helmet of see invisible (worn)
Jewellery
 r - a ring of ice
 G - a ring of protection from fire (right hand)
 J - a ring of protection from fire
 N - a ring of positive energy (left hand)
 Q - the amulet "Rujub" (around neck) {RegenMP +Blink}
   (You took it off a spriggan on level 1 of the Lair of Beasts)

   [amulet of magic regeneration]

   It increases your rate of magic regeneration.
   +Blink:    It lets you blink.
Wands
 f - a wand of flame (13)
 k - a wand of digging (6)
 l - a wand of mindburst (20)
 q - a wand of acid (1)
 w - a wand of paralysis (4)
 A - a wand of iceblast (26)
 F - a wand of charming (31)
Scrolls
 h - a scroll of enchant armour
 j - a scroll of torment
 o - 2 scrolls of immolation
 p - 7 scrolls of teleportation
 y - 4 scrolls of fog
 B - a scroll of silence
 D - a scroll of magic mapping
 R - a scroll of blinking
 V - 2 scrolls of identify
Potions
 e - 3 potions of haste
 g - a potion of berserk rage
 i - 2 potions of might
 m - 2 potions of heal wounds
 u - a potion of cancellation
 v - 4 potions of magic
 z - 4 potions of invisibility
 E - 3 potions of curing
 L - a potion of resistance
 O - a potion of mutation


   Skills:
 * Level 15.2 Fighting
 - Level 1.0 Long Blades
 + Level 12.9 Maces & Flails
 + Level 6.2 Throwing
 + Level 11.8 Armour
 + Level 11.3 Dodging
 - Level 5.0 Stealth
 + Level 14.3 Shields
 * Level 13.3 Invocations
 + Level 4.9 Evocations


You had 15 spell levels left.
You didn't know any spells.
Your spell library contained the following spells:

 Spells                   Type           Power      Damage    Failure   Level
 Animate Skeleton         Necr           0%         N/A       45%         1
 Apportation              Tloc           0%         N/A       45%         1
 Freeze                   Ice            0%         1d3       45%         1
 Pain                     Necr           0%         1d4       45%         1
 Summon Small Mammal      Summ           0%         N/A       45%         1
 Blink                    Tloc           0%         N/A       61%         2
 Static Discharge         Conj/Air       0%         N/A       61%         2
 Frozen Ramparts          Ice            0%         1d2       83%         3
 Gell's Gravitas          Tloc           0%         N/A       83%         3
 Lesser Beckoning         Tloc           0%         N/A       83%         3
 Ozocubu's Armour         Ice            0%         N/A       83%         3
 Summon Guardian Golem    Hex/Summ       0%         N/A       83%         3
 Teleport Other           Tloc           0%         N/A       83%         3
 Vampiric Draining        Necr           0%         2d6       83%         3
 Animate Dead             Necr           0%         N/A       99%         4
 Dispel Undead            Necr           0%         3d6       99%         4
 Hailstorm                Conj/Ice       0%         3d3       99%         4
 Ice Form                 Ice/Tmut       0%         N/A       99%         4
 Petrify                  Tmut/Erth      0%         N/A       99%         4
 Sticky Flame             Conj/Fire      0%         2d3       99%         4
 Summon Ice Beast         Ice/Summ       0%         N/A       99%         4
 Borgnjor's Vile Clutch   Necr/Erth      0%         N/A       100%        5
 Irradiate                Conj/Tmut      0%         3d14      100%        5
 Manifold Assault         Tloc           0%         N/A       100%        5
 Metabolic Englaciation   Hex/Ice        0%         N/A       100%        5
 Summon Forest            Summ/Tloc      0%         N/A       100%        5
 Death Channel            Necr           0%         N/A       100%        6
 Dispersal                Tloc           0%         N/A       100%        6
 Eringya's Noxious Bog    Tmut/Pois      0%         N/A       100%        6
 Simulacrum               Ice/Necr       0%         N/A       100%        6
 Malign Gateway           Summ/Tloc      0%         N/A       100%        7
 Orb of Destruction       Conj           0%         9d5       100%        7
 Ozocubu's Refrigeration  Ice            0%         4d5       100%        7
 Spellforged Servitor     Conj/Summ      0%         N/A       100%        7
 Storm Form               Tmut/Air       0%         N/A       100%        7
 Summon Hydra             Summ           0%         N/A       100%        7
 Summon Horrible Things   Summ           0%         N/A       100%        8
 Sublimation of Blood     Necr           Unusable   N/A       N/A         2

Dungeon Overview and Level Annotations

Branches:
Dungeon (11/15)            Temple (1/1) D:4            Lair (6/6) D:10
 Shoals (0/4) Lair:2       Spider (0/4) Lair:2        Slime (0/5) Lair:5
    Orc (2/2) D:11            Elf (3/3) Orc:2         Sewer (visited)

Altars:
Ashenzari
Cheibriados
Dithmenos
Elyvilon
Fedhas
Gozag
Hepliaklqana
Kikubaaqudgha
Makhleb
Nemelex Xobeh
Okawaru
Qazlal
Ru
Sif Muna
Trog
Uskayaw
Vehumet
Xom
Yredelemnul
Zin
The Shining One
Beogh
Jiyva

Shops:
D:4 :   D:5 :   D:7 [   D:10 !   D:11 ?   Orc:2 [[([**   Elf:1 !   Elf:2 !

Annotations:
Lair:4 exclusion: oklob plant


Innate Abilities, Weirdness & Mutations

You are immune to sickness and miasma.
Your stone body is resilient. (AC +12)
You are immune to poison.
Your large and strong wings let you fly.
You resist negative energy. (rN+)
You are resistant to electric shocks. (rElec)
You are resistant to unholy torment.
You are immune to petrification.


Message History

The fire elemental hits your fire elemental.
Your earth elemental hits the fire elemental!!
The fire elemental is destroyed!
The fire elemental disappears in a puff of smoke!
The deep elf pyromancer hits your earth elemental with a +0 short sword.
You hit the +6 lajatang of pain but do no damage.
The +6 lajatang of pain is severely damaged.
The +6 lajatang of pain hits you!!
* * * LOW HITPOINT WARNING * * *
Your fire elemental hits the +6 lajatang of pain.
Your fire elemental burns the +6 lajatang of pain!
The +6 lajatang of pain completely resists.
Your water elemental hits the +6 lajatang of pain!
The +6 lajatang of pain completely misses your water elemental.
You catch the helpless +6 lajatang of pain completely off-guard!
You hit the +6 lajatang of pain but do no damage.
The +6 lajatang of pain is almost destroyed.
Your fire elemental hits the +6 lajatang of pain.
Your fire elemental burns the +6 lajatang of pain!
The +6 lajatang of pain completely resists.
The deep elf pyromancer gestures wildly while chanting.
Send 'em back where they came from!
Your earth elemental disappears in a puff of smoke!
Your water elemental disappears in a puff of smoke!
Your fire elemental disappears in a puff of smoke!
You block the +6 lajatang of pain's attack.
Unknown command.
Activating: Elemental Force (0% risk of failure)
Press: ? - help, Dir - look around, f - activate Clouds arounds you coalesce and take form!
You can no longer give life to nearby clouds.
The +6 lajatang of pain hits you.
* * * LOW HITPOINT WARNING * * *
The deep elf pyromancer mumbles some strange words.
Send 'em back where they came from!
Your water elemental disappears in a puff of smoke!
You block the fire elemental's attack.
The +6 lajatang of pain hits you but does no damage.
The +6 lajatang of pain hits you!!
You die...

...###................ ..##
##............... ###
###)...........
#######''........#
##....)..'.......##
##..⌠..)..##.)....#
#.....)...##......## #.
.....)....###......### ##..(
..........# ##..@(○..## #.....
.....)..⌠.# #...Ee○..# ..e...
..........# ##....§.○.## #§.....
..)......####.....°ee..###e......
........## #.....................
.......## #..............☼E○...☼
......## #..............°..☼○☼.
..⌠..## ##....................
######## ##.....###.....###...


You could see a deep elf knight, 2 deep elf pyromancers, a fire elemental
(summoned) and a +6 lajatang of pain.

Vanquished Creatures
  An orc warlord (Orc:2)
  A deep elf demonologist (Elf:2)
  A dire elephant (Lair:2)
  The ghost of kulik242 the Spear-Bearer, a journeyman HuWn of Okawaru (Lair:1)
  A deep elf annihilator (Elf:2)
  5 hydras
  2 boulder beetles
  Fannar (Lair:2)
  2 two-headed ogres
  A death yak (Lair:2)
  An alligator (Lair:2)
  14 dancing weapons
  Urug (Lair:6)
  2 orc high priests (Orc:2)
  12 deep elf knights
  5 deep elf archers
  Pikel (D:4)
  20 deep elf zephyrmancers
  17 deep elf pyromancers
  An orc knight (Orc:2)
  A wolf spider (Lair:2)
  2 manticores
  An ugly thing (D:11)
  2 cyclopes
  20 elephants
  2 black mambas
  9 cane toads
  8 komodo dragons
  An unseen horror (D:10)
  2 kobold demonologists (D:9)
  A yaktaur (D:11)
  An efreet (D:9)
  2 rime drakes
  12 polar bears
  4 trolls
  12 blink frogs
  5 hornets
  A snapping turtle (Lair:2)
  2 dream sheep (Lair:6)
  A snapping turtle (shapeshifter) (Elf:1)
  2 culicivoras (Lair:2)
  15 spriggans
  A jumping spider (Lair:2)
  3 air elementals
  A vampire (D:11)
  48 yaks
  2 shadows
  A wyvern (Lair:6)
  A fire elemental (Elf:1)
  8 basilisks
  2 golden eyes (shapeshifter)
  2 steam dragons
  4 vampire mosquitoes (D:11)
  A warg (Orc:2)
  Edmund (D:5)
  26 water moccasins
  An acid dragon (D:10)
  A hornet zombie (D:9)
  18 orc warriors
  2 ice beasts (D:6)
  4 black bears
  3 sky beasts
  2 ogres
  5 boggarts (Lair:6)
  A necrophage (D:6)
  19 wolves
  5 centaurs
  4 kobold brigands
  A lemure (D:4)
  2 earth elementals (Elf:1)
  13 bullfrogs
  8 scorpions
  A wyvern skeleton (D:7)
  6 killer bees
  6 electric eels (Lair:2)
  13 wights
  6 howler monkeys
  2 centaur zombies
  3 hounds
  5 jellies
  A bullfrog skeleton (D:7)
  2 iguanas
  21 orc priests
  2 gnoll shamans
  Ijyb (D:4)
  Natasha (thrice) (D:3)
  27 orc wizards
  A hell rat (Lair:2)
  A hound zombie (D:5)
  2 hound skeletons
  3 howler monkey zombies
  Robin (D:4)
  7 gnolls
  16 adders
  A river rat (Sewer)
  A shadow imp (D:6)
  3 white imps
  An ufetubus (D:7)
  An adder zombie (D:5)
  An adder skeleton (D:5)
  6 worms
  2 dart slugs
  82 orcs
  8 ball pythons
  6 bats
  22 endoplasms
  2 giant cockroaches
  9 hobgoblins
  4 jackals
  8 quokkas
  6 frilled lizards
  9 goblins
  29 kobolds
  6 rats
723 creatures vanquished.

Vanquished Creatures (collateral kills)
  A dire elephant (Lair:2)
  6 dancing weapons
  A deep elf knight (Elf:2)
  An orc sorcerer (Orc:2)
  4 elephants
  A black mamba (Lair:3)
  2 cane toads
  2 rime drakes
  2 komodo dragons
  A polar bear (Lair:5)
  A blink frog (Lair:6)
  A jumping spider (Lair:2)
  A spriggan (Lair:1)
  A wyvern (Lair:3)
  A basilisk (Lair:5)
  A water moccasin (Lair:6)
  A black bear (Lair:5)
  A wolf (Lair:1)
  2 orc priests (Orc:2)
  An orc wizard (Orc:2)
  4 orcs (Orc:2)
36 creatures vanquished.

Vanquished Creatures (others)
  2 goblins (D:4)
  A bush (Lair:1)
  13 fungi
  52 plants
68 creatures vanquished.

Grand Total: 827 creatures vanquished

Notes
Turn   | Place    | Note
-------+----------+-------------------------------------------
     0 | D:1      | kalagan the Gargoyle Fighter began the quest for the Orb.
     0 | D:1      | Reached XP level 1. HP: 14/14 MP: 1/1
    42 | D:1      | Found a faded altar of an unknown god.
   182 | D:1      | Reached XP level 2. HP: 13/19 MP: 2/2
   822 | D:1      | Reached XP level 3. HP: 24/24 MP: 3/3
  1714 | D:2      | Reached skill level 4 in Fighting
  1714 | D:2      | Reached skill level 1 in Dodging
  1961 | D:2      | Reached XP level 4. HP: 29/29 MP: 4/4
  2407 | D:3      | Noticed Natasha
  2492 | D:3      | Killed Natasha
  2493 | D:3      | Reached XP level 5. HP: 4/34 MP: 5/5
  2917 | D:3      | Noticed Natasha
  2927 | D:3      | Killed Natasha
  3062 | D:3      | Noticed Natasha
  3077 | D:3      | Killed Natasha
  3078 | D:3      | Reached XP level 6. HP: 4/40 MP: 6/6
  3445 | D:3      | Reached skill level 5 in Fighting
  3927 | D:4      | Found Tiolafob's Book Emporium.
  3953 | D:4      | Found a staircase to the Ecumenical Temple.
  3962 | Temple   | Entered the Ecumenical Temple
  4277 | D:4      | Found a glowing drain.
  4287 | Sewer    | Entered a sewer
  5145 | Sewer    | Reached XP level 7. HP: 30/45 MP: 7/7
  5152 | Sewer    | Reached skill level 6 in Fighting
  5613 | D:4      | Reached skill level 5 in Armour
  5637 | D:4      | Noticed Pikel
  5658 | D:4      | Killed Pikel
  5659 | D:4      | Reached skill level 1 in Evocations
  5659 | D:4      | Reached XP level 8. HP: 9/52 MP: 8/8
  5992 | D:4      | Reached skill level 7 in Fighting
  6143 | D:4      | Noticed Ijyb
  6144 | D:4      | Noticed Robin
  6174 | D:4      | Killed Ijyb
  6175 | D:4      | Reached skill level 5 in Maces & Flails
  6192 | D:4      | Killed Robin
  6870 | Temple   | Became a worshipper of Qazlal Stormbringer
  6913 | D:5      | Entered Level 5 of the Dungeon
  6914 | D:5      | Identified 2 scrolls of acquirement
  6915 | D:5      | Acquired a manual of Shields
  6919 | D:5      | Acquired a manual of Dodging
  6960 | D:5      | Found Bomibai's Book Emporium.
  6999 | D:5      | Reached skill level 1 in Invocations
  7522 | D:5      | Reached XP level 9. HP: 57/57 MP: 10/10
  7551 | D:5      | Noticed Edmund
  7560 | D:5      | Killed Edmund
  8577 | D:6      | Reached skill level 8 in Fighting
  8577 | D:6      | Reached skill level 5 in Shields
  8723 | D:6      | Reached skill level 1 in Throwing
  8728 | D:6      | Reached * piety under Qazlal
  9349 | D:7      | Reached skill level 5 in Dodging
  9696 | D:7      | Reached XP level 10. HP: 34/65 MP: 13/13
 10128 | D:7      | Noticed a cyclops
 10156 | D:7      | Killed a cyclops
 10396 | D:7      | Found Oraadesk's Antique Armour Shoppe.
 10873 | D:7      | Reached skill level 9 in Fighting
 11049 | D:7      | Found a glowing golden altar of the Shining One.
 11050 | D:7      | Found an opulent altar of Gozag.
 11170 | D:7      | Bought a pair of embroidered boots for 202 gold pieces
 11372 | D:8      | Reached ** piety under Qazlal
 11535 | D:8      | Noticed a boulder beetle
 11538 | D:8      | Reached skill level 5 in Invocations
 11560 | D:8      | Killed a boulder beetle
 11786 | D:8      | Found a hazy altar of Hepliaklqana.
 11787 | D:8      | Found a shimmering altar of Xom.
 11788 | D:8      | Noticed a spectral ugly thing
 12095 | D:9      | Noticed a kobold demonologist
 12096 | D:9      | Noticed a kobold demonologist
 12114 | D:9      | Noticed an orange demon
 12114 | D:9      | Killed a kobold demonologist
 12123 | D:9      | Noticed an orange demon
 12134 | D:9      | Killed a kobold demonologist
 12151 | D:9      | Reached *** piety under Qazlal
 12152 | D:9      | Reached XP level 11. HP: 72/72 MP: 15/15
 12348 | D:9      | Reached skill level 10 in Fighting
 12456 | D:9      | Noticed a boulder beetle
 12471 | D:9      | Killed a boulder beetle
 12844 | D:10     | Entered Level 10 of the Dungeon
 12978 | D:10     | Found Zeamaruf's Distillery.
 12986 | D:10     | Bought a potion of invisibility for 128 gold pieces
 12990 | D:10     | Identified the +0 pair of boots of Athruadei {rPois rF- rC+
                  | Int+3}
 13108 | D:10     | Found a staircase to the Lair.
 13321 | D:10     | Noticed a manticore
 13328 | D:10     | Killed a manticore
 13411 | D:10     | Noticed a two-headed ogre
 13590 | D:10     | Killed a two-headed ogre
 14051 | Lair:1   | Entered Level 1 of the Lair of Beasts
 14110 | Lair:1   | Noticed a six-headed hydra
 14119 | Lair:1   | Killed a two-headed hydra
 14178 | Lair:1   | Reached XP level 12. HP: 39/79 MP: 17/17
 14216 | Lair:1   | Reached skill level 11 in Fighting
 14301 | Lair:1   | Reached **** piety under Qazlal
 14712 | Lair:1   | Found a runed translucent door.
 14715 | Lair:1   | Noticed kulik242's ghost (journeyman HuWn)
 14717 | Lair:1   | Identified the +1 trident of Soskefeo {drain, Will++ Str+4}
 15060 | Lair:1   | Identified the amulet "Rujub" {RegenMP +Blink}
 15282 | Lair:2   | Noticed an eight-headed hydra
 15304 | Lair:2   | Killed a six-headed hydra
 15305 | Lair:2   | Reached skill level 10 in Shields
 15499 | Lair:2   | Noticed Fannar
 15523 | Lair:2   | Killed Fannar
 15596 | Lair:2   | Reached skill level 10 in Maces & Flails
 15706 | Lair:2   | Found a staircase to the Shoals.
 15853 | Lair:2   | Noticed a dire elephant
 15870 | Lair:2   | Noticed a death yak
 15970 | Lair:2   | Killed a dire elephant
 15971 | Lair:2   | Reached skill level 12 in Fighting
 16033 | Lair:2   | Reached XP level 13. HP: 80/86 MP: 20/20
 16074 | Lair:2   | Reached ***** piety under Qazlal
 16120 | Lair:2   | Found a hole to the Spider Nest.
 16336 | Lair:2   | Noticed a dire elephant
 16366 | Lair:2   | Killed a dire elephant
 16367 | Lair:2   | Reached skill level 10 in Invocations
 16864 | Lair:3   | Found a sacrificial altar of Ru.
 18032 | Lair:4   | Reached skill level 13 in Fighting
 18618 | Lair:5   | Gained mutation: Your large and strong wings let you fly.
                  | [Gargoyle growth]
 18618 | Lair:5   | Reached XP level 14. HP: 87/94 MP: 22/22
 19040 | Lair:5   | Found a runed translucent door.
 19040 | Lair:5   | Found a viscous altar of Jiyva.
 19041 | Lair:5   | Found a staircase to the Slime Pits.
 19095 | Lair:6   | Entered Level 6 of the Lair of Beasts
 19138 | Lair:6   | Reached skill level 10 in Armour
 19210 | Lair:6   | Noticed Urug
 19219 | Lair:6   | Killed Urug
 19351 | Lair:6   | Reached skill level 10 in Dodging
 19372 | Lair:6   | Reached skill level 1 in Stealth
 19500 | Lair:6   | Reached skill level 1 in Long Blades
 20412 | Lair:1   | Killed kulik242's ghost
 20413 | Lair:1   | Reached skill level 14 in Fighting
 20664 | D:11     | Found Hierro's Magic Scroll Shoppe.
 20669 | D:11     | Bought a scroll of identify for 28 gold pieces
 20845 | D:11     | Found a staircase to the Orcish Mines.
 20890 | D:11     | Reached XP level 15. HP: 100/100 MP: 24/24
 21017 | D:11     | Found a burning altar of Makhleb.
 21017 | D:11     | Noticed a cacodemon
 21505 | Orc:1    | Entered Level 1 of the Orcish Mines
 21624 | Orc:2    | Entered Level 2 of the Orcish Mines
 21624 | Orc:2    | Found a staircase to the Elven Halls.
 22038 | D:5      | Bought a manual of Armour for 960 gold pieces
 22215 | Orc:2    | Paralysed by an orc sorcerer for 5 turns
 22285 | Orc:2    | Found Seniuv's General Store.
 22291 | Orc:2    | Bought a scroll of enchant weapon for 90 gold pieces
 22291 | Orc:2    | Bought a scroll of teleportation for 36 gold pieces
 22547 | Orc:2    | Found Dilesha's Gadget Gallery.
 22711 | Orc:2    | Found Bedein's Antique Armour Shoppe.
 22719 | Orc:2    | Bought a runed helmet for 157 gold pieces
 22831 | Orc:2    | Reached skill level 5 in Throwing
 22912 | Orc:2    | Noticed an orc warlord
 22930 | Orc:2    | Killed an orc warlord
 22960 | Orc:2    | Found Olirchen's Antique Weapon Shoppe.
 22962 | Orc:2    | Found Xuiberchy's Antique Armour Emporium.
 23038 | Orc:2    | Found Erchufel's Armour Boutique.
 23265 | D:11     | Bought a scroll of identify for 28 gold pieces
 23265 | D:11     | Bought a scroll of identify for 28 gold pieces
 23313 | Elf:1    | Entered Level 1 of the Elven Halls
 24054 | Elf:1    | Found Haew's Distillery.
 24066 | Elf:1    | Bought a potion of heal wounds for 95 gold pieces
 24429 | Elf:2    | Paralysed by an air elemental for 1 turns
 24431 | Elf:2    | Noticed an Ice Fiend
 24530 | Elf:2    | Noticed an Executioner
 24531 | Elf:2    | Noticed a cacodemon
 24761 | Elf:3    | Entered Level 3 of the Elven Halls
 24762 | Elf:3    | Paralysed by an air elemental for 1 turns
 24765 | Elf:3    | Paralysed by an air elemental for 1 turns
 24936 | Elf:2    | Reached XP level 16. HP: 46/107 MP: 25/25
 25078 | Elf:2    | Reached skill level 5 in Stealth
 25183 | Elf:2    | Reached skill level 15 in Fighting
 25242 | Elf:2    | Found a runed translucent gate.
 25243 | Elf:2    | Found a runed translucent gate.
 25243 | Elf:2    | Found a runed translucent gate.
 25296 | Elf:2    | Found Aditzy's Distillery.
 25299 | Elf:2    | Bought a potion of heal wounds for 70 gold pieces
 26186 | Elf:2    | Slain by a +6 lajatang of pain

Illustrated notes

Levels and vault maps discovered:
D:1:      eino_arrival_cavern_b, layout_basic,
          hellmonk_ecumenical_altar_lost_god, eino_curves_02,
          minmay_misc_feat_enclosed, minivault_25, dk_noncrumbling_3,
          minmay_stone_trees_small
D:2:      layout_loops_ring, dk_noncrumbling_2, minmay_misc_feat_x
D:3:      layout_loops_cross, uniq_natasha
D:4:      layout_gridville, minmay_temple_entry_wispy,
          cheibrodos_sewer_entry_sluice, serial_shops, shop, minivault_1,
          minivault_24, minmay_misc_feat_rugged, uniq_pikel, uniq_robin,
          uniq_ijyb
D:5:      layout_basic, serial_shops, nicolae_shop_behind_doors,
          roderic_serpentine_path, st_stairs_8, minmay_quadrilaterals,
          uniq_edmund
D:6:      layout_loops_cross
D:7:      layout_basic, mainiacjoe_overflow_divided_tiny, serial_shops,
          nicolae_shop_stone, grunt_decor_mini_mirrors
D:8:      layout_basic, regret_index_temple_of_mockery
D:9:      layout_roguey, serial_curves, eino_curves_02, eino_curves_03,
          eino_curves_03, eino_curves_03
D:10:     layout_irregular_city, erik_lair_dragon, serial_shops, shop_fountains,
          minmay_orc_keep
D:11:     minmay_bloctagon_deflated, layout_irregular_city, orc_0_dummy,
          serial_shops, shop, makhleb_altar_promises_db
Temple:   regret_index_temple_mists
Lair:1:   layout_small_grid, ebering_ghost_funeral_grove
Lair:2:   layout_long_grid, minmay_shoals_entry_hut,
          spider_nest_entry_funnel_web, serial_bayou, serial_bayou_lagoon_b,
          serial_bayou_shore_b, serial_bayou_pond_b, serial_bayou_lake_a,
          nicolae_lair_lakeside_cave, uniq_fannar
Lair:3:   layout_chaotic_city, basic_altar, grunt_megastairs_1
Lair:4:   layout_cave_pods, cheibrodos_lair_lostbears
Lair:5:   layout_cave_shapes, slime_altar_2
Lair:6:   minmay_lair_end_enchanted_forest, layout_hall_layers, uniq_urug
Orc:1:    layout_caves
Orc:2:    grunt_orc_community_town_hall, layout_caves,
          grunt_orc_community_big_house_1, grunt_orc_community_big_house_1,
          grunt_orc_community_house_1, grunt_orc_community_house_2,
          grunt_orc_community_house_3, grunt_orc_community_house_3,
          grunt_orc_community_house_2, grunt_orc_community_house_3,
          serial_shops, nicolae_square_shop, nicolae_shop_gadgets
Elf:1:    elf_arrival_001, layout_gridlike, serial_shops,
          nicolae_shop_window_shopping, minmay_elf_crystal_hexagon
Elf:2:    nicolae_elf_blades_crystal_corner, layout_gridlike, serial_shops,
          nicolae_shop_behind_doors, nicolae_elf_big_sculpture_2
Elf:3:    minmay_elf_hall_x, layout_onion_city, uniq_bai_suzhen

Skill      XL: |  1  2  3  4  5  6  7  8  9 10 11 12 13 14 15 16 |
---------------+-------------------------------------------------+-----
Fighting       | 4 5 6 7 8 9 10 12 13 14 15 | 15.2
Dodging        | 1 2 3 5 6 7 8 9 10 11 | 11.3
Armour         | 4 5 6 7 8 9 10 11 | 11.8
Shields        | 4 6 7 9 10 11 12 13 14 | 14.3
Maces & Flails | 3 4 5 6 7 9 10 11 12 | 12.9
Evocations     | 1 2 3 4 |  4.9
Invocations    | 1 4 6 7 9 10 12 13 | 13.3
Throwing       | 1 2 3 4 5 6 |  6.2
Stealth        | 2 4 5 |  5.0
Long Blades    | 1 |  1.0

Action                   |  1- 3 |  4- 6 |  7- 9 | 10-12 | 13-15 | 16-18 || total
-------------------------+-------+-------+-------+-------+-------+-------++-------
Melee: Flail             |   119 |   245 |   352 |   625 |  1235 |   130 ||  2706
       Scimitar          |       |       |       |    11 |     6 |       ||    17
       Eveningstar       |       |       |       |       |    17 |       ||    17
Throw: Dart              |       |     7 |       |    37 |    12 |    36 ||    92
Invok: Elemental Force   |       |       |       |       |    15 |     9 ||    24
       Upheaval          |       |       |       |       |     3 |       ||     3
Evoke: Wand              |       |       |       |     4 |    14 |       ||    18
  Use: Scroll            |       |    11 |    13 |     8 |    13 |       ||    45
       Potion            |       |     1 |       |     3 |     9 |       ||    13
 Stab: Paralysed         |       |       |       |       |     8 |       ||     8
       Distracted        |       |       |       |       |     1 |     1 ||     2
Armor: Scale mail        |    65 |   164 |   184 |    20 |       |       ||   433
       Troll leather arm |       |       |       |   198 |   460 |    64 ||   722
Dodge: Dodged            |    56 |   120 |   182 |   263 |   491 |    37 ||  1149
       Repelled          |       |       |       |     1 |     6 |     9 ||    16
Block: Buckler           |    24 |   102 |   131 |   357 |   911 |   101 ||  1626
       Reflection        |       |       |       |       |    14 |    13 ||    27
